cohdb
Replays
Latest Replays
All Replays
Popular Replays
Top Player Replays
Match Explorer
How It Works
Community
CoH3 Stats
Reddit
Sign in to upload your games and track your stats! →
Sign in with Steam
Match 42106568
Unlisted
Match 42106568
Overview
Messages
Build Orders
End
Construct Section Command Post
Selects Canadian Shock Battlegroup
Infantry Section
Dingo Light Scout Car
Infantry Section
Infantry Section
Grenade Package
Selects Offensive Resupply
Selects Canadian Shock Section
Construct Platoon Command Post
Selects Incendiary Munitions
Unlock Bishop Self-propelled Artillery
Infantry Section
Bishop Self-propelled Artillery
Infantry Training
Selects Pyrotechnics
6-pounder Anti-tank Gun Team
Bishop Self-propelled Artillery
Firefly
Lt.Prophet
scorpion
Dave
0
0
Comments
sign in to comment!
No comments posted yet!